Map: Ephemeron LE

Players

Nahkriin

  • Race: Protoss Protoss
  • League: Master
  • Spawn Location: 5:00

llllllllllll - Winner!

  • Race: Protoss Protoss
  • League: Master
  • Spawn Location: 11:00

VOD

Have the link to the VOD?

Description

Time

  • Played on: Dec. 4, 2019, 3:18 p.m.
  • Length: 5:38
Show
View Real Time Build Order
Export as new Build Order

Nahkriin Protoss 

Build Orders:  

Get SALT Encoding   

  12  0:00  Probe  
  13  0:12  Probe  
  14  0:17  Pylon  
  14  0:25  Probe (Chrono Boost)  
  15  0:37  Probe (Chrono Boost)  
  15  0:39  Forge  
  16  0:44  Probe (Chrono Boost)  
  17  0:51  Probe  
  17  0:57  Pylon  
  18  1:19  Photon Cannon  
  18  1:21  Pylon  
  18  1:31  Probe  
  19  1:36  Assimilator  
  19  1:37  Gateway  
  19  1:39  Assimilator  
  19  1:43  Probe  
  20  1:48  Photon Cannon  
  19  2:04  Probe (Chrono Boost)  
  20  2:15  Probe (Chrono Boost)  
  21  2:20  Probe (Chrono Boost)  
  22  2:26  Cybernetics Core  
  22  2:30  Probe  
  23  2:42  Pylon  
  23  2:43  Probe  
  24  3:01  Photon Cannon  
  24  3:03  Shield Battery  
  24  3:04  Stargate  
  24  3:06  Shield Battery  
  24  3:10  Shield Battery  
  24  3:30  Shield Battery  
  24  3:33  Shield Battery  
  24  3:44  Void Ray (Chrono Boost)  
  28  3:52  Pylon  
  28  4:06  Shield Battery  
  26  4:22  Void Ray (Chrono Boost)  
Show
View Real Time Build Order
Export as new Build Order

llllllllllll Protoss - Winner!

Build Orders:  

Get SALT Encoding   

  12  0:01  Probe  
  13  0:13  Probe  
  14  0:18  Pylon  
  14  0:25  Probe (Chrono Boost)  
  15  0:36  Probe (Chrono Boost)  
  15  0:38  Gateway  
  16  0:43  Probe  
  16  0:47  Assimilator  
  17  0:55  Probe  
  17  0:56  Assimilator  
  18  1:07  Forge  
  18  1:13  Pylon  
  18  1:27  Probe  
  18  1:31  Zealot (Chrono Boost)  
  21  1:40  Photon Cannon  
  21  1:51  Cybernetics Core  
  21  2:00  Probe  
  22  2:12  Probe  
  21  2:16  Pylon  
  21  2:24  Stalker (Chrono Boost)  
  23  2:33  Warp Gate  
  23  2:36  Stargate  
  23  2:47  Stalker  
  25  3:15  Gateway  
  25  3:17  Stalker  
  27  3:21  Void Ray (Chrono Boost)  
  31  3:39  Gateway  
  31  3:41  Shield Battery  
  31  3:50  Pylon  
  31  4:05  Void Ray  
  35  4:16  Shield Battery  
  35  4:23  Stalker  
  37  4:39  Stalker x2  
  41  4:55  Stalker  
  43  5:01  Shield Battery  
  43  5:18  Pylon  
Tags
 
Matchup
PvP
Spawn Locations
Cross Positions
Add a new tag
Caveats
  • Supply blocks, unpowered buildings, or Contaminate may cause inaccurate times.
  • Supply counts are checked every 10 seconds.